[Event "EU-ch 12th"]
[Site "Aix les Bains"]
[Date "2011.03.23"]
[Round "2"]
[White "Zvjaginsev, Vadim"]
[Black "Serov, Maksim"]
[Result "1/2-1/2"]
[ECO "E70"]
[WhiteElo "2663"]
[BlackElo "2352"]
[Annotator "Marchand,A/Primel,D"]
[PlyCount "93"]
[EventDate "2011.03.22"]
[EventType "swiss"]
[EventRounds "11"]
[EventCountry "FRA"]
[SourceTitle "CBM 142 Extra"]
[Source "ChessBase"]
[SourceDate "2011.06.27"]
[SourceVersion "1"]
[SourceVersionDate "2011.06.27"]
[SourceQuality "1"]
[TimeControl "40/5400+30:1800+30"]

1. c4 Nf6 2. Nc3 g6 3. e4 d6 4. d4 Bg7 5. Nge2 (5. Bd3 O-O 6. Nge2 Nbd7 7. Bc2
(7. O-O c5 (7... a6) 8. d5 Ne5 9. f4 Nxd3 10. Qxd3 e6 11. dxe6 fxe6 (11... Bxe6
) 12. Rd1 e5 {Reinderman,D (2540)-Visser,Y (2370) VAM Hoogeveen op 1998 (2) 0-1
} (12... Ne8 13. e5 Rf7 $13 {Seirawan})) 7... a6) 5... a6 (5... Nbd7) 6. Ng3 h5
(6... Nbd7 7. a4 h5 8. Be2 e5 9. Be3 exd4 10. Bxd4 Ne5 11. h3 Qe7 12. f4 h4 13.
Nf1 Nc6 14. Nd5 Qd8 15. Bc3 O-O 16. Nd2 Nxd5 17. cxd5 Nd4 18. O-O Re8 19. Bd3
c6 20. f5 cxd5 21. f6 {Jussupow,A (2655)-Kasparov,G (2805)/Moscow 1994/CBM 045/
0-1 (32)}) 7. Be2 e5 $146 (7... c5 8. d5 b5 9. cxb5 O-O 10. Bg5 Nh7 11. Bd2 h4
12. Nf1 f5 13. exf5 gxf5 14. f4 axb5 15. Bxb5 e5 16. dxe6 Bxe6 17. Qe2 Rf6 18.
Ne3 Kh8 19. Ned5 Rg6 20. a4 Ra7 21. O-O-O Qg8 22. Qf3 {Novikov,I (2575)
-Shabalov,A (2595)/San Diego 2006/CBM 112/1-0 (31)}) (7... c6 8. a4) 8. Bg5 Bd7
9. O-O h4 10. Nh1 {"un fort coup d'attaque"} Nc6 11. dxe5 dxe5 12. Nd5 Nd4 13.
f4 Ne6 14. fxe5 Nxg5 15. exf6 Bf8 16. Nf2 c6 17. Nc3 Qc7 18. Bg4 O-O-O 19.
Bxd7+ Rxd7 {Une erreur de saisie de la FFE et c'est Rd7 qui a été joué} (19...
Qxd7 {La suite saisie par la FFE} 20. Qg4 Ne6 21. Nd5 cxd5 22. cxd5 Nc5 23. b4
Na4 24. Rac1+ Kb8) 20. Qg4 Ne6 21. Nd5 $1 {Bien évidemment avec 19. Qd7, ce
coup serait moins logique} cxd5 22. cxd5 Nc5 23. b4 Na4 (23... h3 24. Rac1 hxg2
25. Qxg2 b6 26. bxc5 Bxc5 $13 ) 24. Rac1 Nc3 25. Nd3 Kd8 $1 (
25... Kb8 26. Kh1 Bh6 27. Nc5) (25... h3 $1) 26. Kh1 Bh6 27. Rc2 Re8 28. Qxh4 (
28. e5 Rxd5 29. Qf3 Rd4 30. Nc5 $16 ) 28... Be3 29. Nc5 Bxc5 30.
Rxc3 Bf2 $1 31. Qh3 Qb6 32. e5 Bd4 33. e6 $1 Bxc3 34. Qxc3 Rxd5 35. exf7 Rf8
36. Qg3 Rxf7 $4 {Zeitnot?} (36... Qd6 37. Qxg6 Rd1) 37. Qxg6 Qxf6 38. Qg8+ Ke7
39. Rg1 Qe5 (39... Rd1 $1 $19 ) 40. h3 Rd3 {Ce qui est
surprenant est le fait que malgré le passage du contrôle de temps, les Noirs
ne vont pas arriver а trouver le gain} 41. Qc8 Rd7 42. Rc1 Rg7 43. Rf1 Rd8 $2
44. Qxb7+ Rd7 45. Qc8 Rd2 46. Qb7+ Ke8 47. Qc8+ 1/2-1/2